 Dungeon Crawl Stone Soup version 0.26-a0-651-gb41185065b (webtiles) character file.

Game seed: 5641559115355745060

105 raph the Insei (level 4, -6/35 HPs)
             Began as a Draconian Transmuter on Oct 31, 2020.
             Mangled by an orc warrior
             ... wielding a +0 glaive
              (19 damage)
             ... on level 3 of the Dungeon.
             The game lasted 00:04:29 (2955 turns).

raph the Insei (Draconian Transmuter)               Turns: 2955, Time: 00:04:30

Health: -6/35      AC:  5    Str: 12    XL:     4   Next: 53%
Magic:  4/7        EV: 12    Int: 13    God:
Gold:   112        SH:  0    Dex: 13    Spells: 1/7 levels left

rFire    . . .     SeeInvis .     - Unarmed
rCold    . . .     Faith    .   (no shield)
rNeg     + . .     Spirit   .   (armour unavailable)
rPois    .         Reflect  .   (helmet currently unavailable)
rElec    .         Harm     .   (no cloak)
rCorr    .         Rampage  .   (no gloves)
MR       .....                  (boots currently unavailable)
Stlth    +.........             (no amulet)
HPRegen  0.11/turn              k - ring of wizardry
MPRegen  0.10/turn              n - ring of positive energy

@: appendages, wereblooded
A: unfitting armour, horns 2, talons 2, cold-blooded, AC +5
a: End Transformation


You were on level 3 of the Dungeon.
You had grown temporary horns.
You had grown temporary talons.
You visited 1 branch of the dungeon, and saw 3 of its levels.

You collected 112 gold pieces.

Inventory:

Jewellery
 k - a ring of wizardry (left hand)
 n - a ring of positive energy (right hand)
Wands
 b - a wand of enslavement (3)
Scrolls
 c - a scroll of immolation
 e - a scroll of teleportation
 g - 2 scrolls of noise
 h - 2 scrolls of identify
 l - a scroll of random uselessness
Potions
 a - a potion of flight
 d - a potion of might
 f - a potion of cancellation {unknown}
 i - 2 potions of curing
 j - a potion of heal wounds
 o - a potion of mutation


   Skills:
 - Level 1.1 Fighting
 - Level 1.7 Dodging
 + Level 4.2 Unarmed Combat
 + Level 2.1 Spellcasting
 * Level 3.7 Transmutations


You had one spell level left.
You knew the following spells:

 Your Spells              Type           Power        Failure   Level
a - Beastly Appendage     Tmut           ##....       2%          1
b - Wereblood             Tmut           ##......     3%          2
c - Spider Form           Tmut/Pois      #.........   14%         3

Your spell library contained the following spells:

 Spells                   Type           Power        Failure   Level
 Ice Form                 Ice/Tmut       #.......     41%         4
 Blade Hands              Tmut           ##........   50%         5


Dungeon Overview and Level Annotations

Branches:
Dungeon (3/15)

Altars:
Cheibriados
The Shining One


Innate Abilities, Weirdness & Mutations

Your plain brown scales are hard. (AC +5)
You cannot fit into any form of body armour.
You are cold-blooded and may be slowed by cold attacks.
You have a pair of horns on your head.
You have razor-sharp toenails.


Message History

You grow a pair of large bovine horns.
Your feet morph into talons.
The orc wizard shouts!
The orc warrior hits you with a +0 glaive!!
Ouch! That really hurt!
The orc wizard hits you but does no damage.
The orc wizard mumbles some strange words.
The orc wizard flickers and vanishes!
Deactivating autopickup; reactivate with Ctrl-A.
You hit the orc warrior. Your kick misses the orc warrior.
You headbutt the orc warrior, but do no damage.
The orc warrior is lightly wounded.
The orc warrior hits you with a +0 glaive.
The orc wizard hits you but does no damage.
You closely miss the orc wizard. Your kick misses the orc wizard.
The orc wizard closely misses you. Something hits you but does no damage.
You hit the orc wizard.
The orc wizard is moderately wounded.
The orc warrior hits you with a +0 glaive!!
Ouch! That really hurt!
You die...

#.###.....##.....#.#..
#.........######.#..>.
########>..# #.#"...
#...# #.##... #...#
#...... # #...# ####...
... #...# ##...
.....#####...#######....
#...o@...........#....
#.....o{................
....[..............#....
.....#####...#######...#
#.... #...# #.... ....
#...# ##... ### #...#
##.# ...# #.. ###


You could see an orc warrior and an orc wizard.

Vanquished Creatures
  Ijyb (D:3)
  3 adders (D:2)
  An ooze (D:1)
  3 worms
  2 dart slugs
  A leopard gecko (D:2)
  An orc (D:3)
  3 bats
  A giant cockroach (D:1)
  2 goblins
  4 hobgoblins
  A quokka (D:3)
  4 frilled lizards
  6 kobolds
  4 rats
37 creatures vanquished.

Vanquished Creatures (others)
  2 plants (D:3)
2 creatures vanquished.

Grand Total: 39 creatures vanquished

Notes
Turn   | Place    | Note
-------+----------+-------------------------------------------
     0 | D:1      | raph the Draconian Transmuter began the quest for the Orb.
     0 | D:1      | Reached XP level 1. HP: 16/16 MP: 3/3
   289 | D:1      | Reached XP level 2. HP: 23/23 MP: 3/5
   343 | D:1      | Learned a level 2 spell: Wereblood
  1297 | D:2      | Reached XP level 3. HP: 16/28 MP: 4/6
  2065 | D:2      | Reached skill level 4 in Unarmed Combat
  2194 | D:2      | Found a glowing golden altar of the Shining One.
  2279 | D:3      | Learned a level 3 spell: Spider Form
  2309 | D:3      | Reached XP level 4. HP: 32/35 MP: 5/7
  2568 | D:3      | Found a faded altar of an unknown god.
  2611 | D:3      | Noticed Ijyb
  2649 | D:3      | Killed Ijyb
  2821 | D:3      | Found a snail-covered altar of Cheibriados.
  2947 | D:3      | Noticed an orc warrior
  2955 | D:3      | Mangled by an orc warrior

Illustrated notes

Levels and vault maps discovered:
D:1:      dpeg_arrival_castle, layout_basic, minmay_box_of_dots
D:2:      layout_basic, tso_altar
D:3:      layout_loops_cross, portal_sewer_entry_d,
          chequers_ecumenical_altar_lobes, cheibriados_altar_1, uniq_terence,
          uniq_ijyb

Skill      XL: |  1  2  3 |
---------------+----------+-----
Transmutations | 3 |  3.7
Unarmed Combat | 4 |  4.2
Fighting       | |  1.1
Dodging        | |  1.7
Spellcasting   | |  2.1

Action                   |  1- 3 |  4- 6 || total
-------------------------+-------+-------++-------
Melee: Unarmed           |   101 |    42 ||   143
       Kick              |    13 |     5 ||    18
       Headbutt          |    11 |     2 ||    13
       Tailslap          |    10 |     3 ||    13
       Punch             |     1 |       ||     1
 Cast: Beastly Appendage |    27 |     6 ||    33
       Wereblood         |       |     1 ||     1
  Use: Scroll            |    12 |     1 ||    13
       Potion            |       |     1 ||     1
Armor: Skin              |    19 |    13 ||    32
Dodge: Dodged            |    62 |    20 ||    82

Table legend: (Time is in decaauts)
 A = Elapsed time spent in this place.
 B = Non-inter-level travel time spent in this place.
 C = Inter-level travel time spent in this place.
 D = Time resting spent in this place.
 E = Time spent auto-exploring this place.
 F = Levels seen in this place.
 G = Mean time per level.
                   A        B        C        D        E       F      G
               +--------+--------+--------+--------+--------+-----+--------+
         Total |   2953 |   2859 |     94 |    743 |   1674 |   3 |  984.3 |
       Dungeon |   2953 |   2859 |     94 |    743 |   1674 |   3 |  984.3 |
               +--------+--------+--------+--------+--------+-----+--------+

Top non-repeatable levels by time:
     D:2: 1420 daAuts
     D:1: 836 daAuts
     D:3: 696 daAuts
